Map: Dash and Terminal LE (Void)

Players

wabbajack - Winner!

  • Race: Zerg Zerg
  • League: Gold

LAZYJay

  • Race: Protoss Protoss
  • League: Bronze

VOD

Have the link to the VOD?

Description

Time

  • Played on: July 19, 2015, 7:40 p.m.
  • Length: 8:16
Show
View Real Time Build Order
Export as new Build Order

wabbajack Zerg - Winner!

Build Orders: Hatch First, Zergling Baneling 

Get SALT Encoding   

  12  0:01  Drone  
  13  0:17  Overlord  
  13  0:30  Drone  
  13  0:35  Drone x2  
  16  0:42  Drone  
  17  0:58  Hatchery  
  16  1:08  Extractor  
  15  1:13  Spawning Pool  
  15  1:16  Extractor  
  15  1:17  Drone  
  14  1:22  Drone  
  15  1:28  Drone  
  17  1:48  Drone x2  
  19  1:59  Drone  
  19  2:00  Queen  
  22  2:06  Overlord  
  22  2:10  Queen  
  24  2:17  Metabolic Boost, Extractor  
  23  2:43  Zergling x4  
  25  2:52  Baneling Nest  
  24  3:01  Zergling x4  
  26  3:10  Pneumatized Carapace  
  26  3:17  Drone  
  26  3:18  Drone x5  
  32  3:28  Overlord  
  32  3:36  Drone x2  
  32  3:40  Drone  
  35  3:45  Drone  
  36  3:58  Baneling x3  
  36  3:59  Baneling x2  
  36  4:00  Baneling x3  
  36  4:10  Overlord  
  36  4:15  Zergling x4  
  36  4:16  Zergling x8  
  42  4:18  Zergling x2  
  42  4:19  Zergling x2  
  40  4:52  Spine Crawler  
  39  4:53  Spore Crawler, Drone x9  
  39  4:54  Spine Crawler  
  42  5:20  Zergling x6  
  42  5:21  Zergling x2  
  44  5:22  Zergling x2  
  44  5:23  Zergling x6  
  48  5:35  Spore Crawler  
  48  5:38  Drone x4  
  48  5:39  Drone x2, Spine Crawler x2  
  50  5:53  Baneling x4  
  43  6:41  Hatchery, Overlord x4  
  43  6:43  Lair  
  41  6:49  Evolution Chamber, Roach Warren  
  41  6:52  Evolution Chamber, Zergling x4  
  41  6:53  Zergling x4  
  41  6:58  Overlord x2  
  41  7:07  Queen  
  43  7:09  Extractor  
  43  7:10  Extractor  
  41  7:32  Zergling x2  
  41  7:33  Roach x7  
  41  7:34  Roach x2  
  56  7:56  Zergling x4  
  56  7:57  Zergling x4  
  60  8:11  Hydralisk Den  
Show
View Real Time Build Order
Export as new Build Order

LAZYJay Protoss 

Build Orders:  

Get SALT Encoding   

  12  0:01  Probe  
  13  0:16  Pylon  
  13  0:18  Probe  
  14  0:37  Pylon  
  14  0:38  Probe  
  15  0:51  Probe  
  15  0:56  Gateway  
  16  1:03  Probe  
  17  1:14  Assimilator  
  17  1:15  Probe  
  18  1:27  Probe (Chrono Boost)  
  19  1:38  Probe (Chrono Boost)  
  20  1:44  Cybernetics Core  
  20  1:56  Cybernetics Core  
  20  2:04  Zealot  
  22  2:09  Pylon  
  22  2:15  Probe  
  23  2:28  Nexus  
  23  2:34  Warp Gate  
  23  2:37  Assimilator  
  23  2:38  Pylon  
  23  2:40  Stalker  
  25  2:54  Robotics Facility  
  25  2:59  Probe  
  26  3:12  Forge  
  26  3:22  Stalker  
  28  3:37  Gateway  
  28  3:38  Gateway  
  28  3:42  Probe x2 (Chrono Boost)  
  30  3:52  Probe x2 (Chrono Boost)  
  32  4:00  Probe x2 (Chrono Boost)  
  34  4:05  Sentry  
  34  4:09  Immortal  
  40  4:15  Protoss Ground Weapons Level 1  
  40  4:24  Twilight Council  
  40  4:30  Pylon  
  40  4:33  Probe, Assimilator  
  40  4:35  Probe, Assimilator  
  26  4:46  Probe  
  25  5:09  Zealot  
  25  5:10  Zealot  
  21  5:23  Zealot  
  17  5:36  Zealot  
  18  5:46  Sentry  
  20  5:55  Probe (Chrono Boost)  
  22  5:57  Probe (Chrono Boost)  
  22  6:05  Sentry x2  
  26  6:17  Probe (Chrono Boost)  
  28  6:18  Probe (Chrono Boost)  
  26  6:27  Probe x2 (Chrono Boost)  
  18  6:45  Probe (Chrono Boost)  
  18  6:46  Probe (Chrono Boost)  
  20  6:57  Probe (Chrono Boost)  
  22  7:02  Probe (Chrono Boost)  
  22  7:06  Probe (Chrono Boost)  
  23  7:18  Stalker  
  10  7:47  Zealot x2  
  9  7:54  Probe  
Tags
 
Add a new tag
Caveats
  • Supply blocks, unpowered buildings, or Contaminate may cause inaccurate times.
  • Supply counts are checked every 10 seconds.